 Dungeon Crawl Stone Soup version 0.30-a0-1075-gcd70e7a56d (webtiles) character file.

Game seed: 6553434424630213584

127 olmar the Covered (level 4, -2/40 HPs)
             Began as an Armataur Fighter on Apr 14, 2023.
             Slain by an orc
             ... wielding a +0 mace
              (7 damage)
             ... on level 4 of the Dungeon.
             The game lasted 00:03:12 (2068 turns).

olmar the Covered (Armataur Fighter)                Turns: 2068, Time: 00:03:13

Health: -2/40      AC:  7    Str: 23    XL:     4   Next: 85%
Magic:  4/4        EV: 12    Int:  9    God:
Gold:   138        SH:  4    Dex:  9    Spells: 3/3 levels left

rFire   . . .      SeeInvis .    a - +0 flail
rCold   . . .      Faith    .    c - +0 buckler
rNeg    . . .      Spirit   .    b - +0 scale mail
rPois   .          Reflect  .    (no helmet)
rElec   .          Roll     +    (no cloak)
rCorr   .                        (no gloves)
Will    .....                    (no barding) Stlth
                                 (no amulet)
HPRegen 0.26/turn                j - +5 ring of evasion
MPRegen 0.09/turn                (no ring)

@: studying Axes
A: large, rugged brown scales 3, deformed body, armoured tail, roll, long
tongue, awkward tongue
a: no special abilities


You were on level 4 of the Dungeon.
You visited 1 branch of the dungeon, and saw 4 of its levels.

You collected 138 gold pieces.

Inventory:

Hand Weapons
 a - a +0 flail (weapon)
Armour
 b - a +0 scale mail (worn)
 c - a +0 buckler (worn)
 l - the +1 leather armour of the Rose {rN++ Will+}
   (You found it on level 3 of the Dungeon)

   rN:        It greatly protects you from negative energy.
   Will:      It increases your willpower.
Jewellery
 i - a ring of fire
 j - a +5 ring of evasion (left hand)
Scrolls
 e - a scroll of noise {unknown}
 f - 2 scrolls of teleportation {unknown}
 g - a scroll of enchant armour {unknown}
 h - a scroll of identify {unknown}
 m - 3 scrolls of poison {unknown}
 n - a scroll of vulnerability {unknown}
 q - a scroll of fog {unknown}
Potions
 d - 2 potions of might
 k - a potion of mutation {unknown}
 o - a potion of curing {unknown}
 p - 2 potions of attraction {unknown}
 r - a potion of flight {unknown}


   Skills:
 + Level 3.4 Fighting
 + Level 3.0 Maces & Flails
 + Level 4.6 Armour
 + Level 4.0 Shields


You had 3 spell levels left.
You didn't know any spells.
Your spell library was empty.

Dungeon Overview and Level Annotations

Branches:
Dungeon (4/15)
 Temple: D:4-7

Altars:

Annotations:
D:3 1 runed translucent door, Crazy Yiuf


Innate Abilities, Weirdness & Mutations

You are completely covered in rugged brown scales. (AC +3, +7% HP)
Armour fits poorly on your strangely shaped body.
You have a long armoured tail.
You roll when moving toward enemies. (Rampage)
Your long tongue fully drains potion bottles. (2x potion effects)
Your tongue gives you trouble enunciating. (1.5x scroll delay)


Message History

Unknown command.
You barely miss the orc priest.
The orc priest is severely wounded.
You block the orc's attack. The dart slug launches a dart at you.
The slug dart hits you. The orc closely misses you.
The orc priest hits you but does no damage.
The orc closely misses you.
Unknown command.
You hit the orc priest.
Your tail-slap misses the orc priest.
The orc priest is severely wounded.
The orc hits you with a +0 flail.
The orc priest looks encouraged for a moment.
The orc hits you with a +0 mace. The dart slug launches a dart at you.
The slug dart hits you but does no damage.
You hit the orc priest but do no damage.
You tail-slap the orc priest.
The orc priest is almost dead.
You block the orc priest's attack. The orc hits you with a +0 mace.
The orc hits you but does no damage.
The dart slug bites you but does no damage.
Unknown command.
Unknown command.
You closely miss the orc priest.
The orc priest is almost dead.
You block the orc's attack. The orc priest completely misses you.
The orc barely misses you.
Unknown command.
You closely miss the orc priest.
The orc priest is almost dead.
The orc priest hits you with a +0 mace. The orc hits you with a +0 mace.
You block the orc's attack. The dart slug launches a dart at you.
The slug dart hits you.
* * * LOW HITPOINT WARNING * * *
The orc hits you with a +0 flail.
* * * LOW HITPOINT WARNING * * *
The orc hits you with a +0 mace!
You die...

### ##..
~~~..##..## #.
P~~..#....###..
..~♣.#..........
#.............#
.#........$...#
......oo>.....##
#....w@o.......
##.............
#..............
#..####<.......
... ###..<... ..
...... . ...##
..... #...


You could see an orc priest, a dart slug and 2 orcs.

Vanquished Creatures
  7 adders
  3 dart slugs
  An orc (D:3)
  4 ball pythons
  6 bats
  4 endoplasms
  2 giant cockroaches
  2 goblins
  8 hobgoblins
  3 jackals (D:3)
  A quokka (D:2)
  7 frilled lizards
  4 kobolds
  5 rats
57 creatures vanquished.

Notes
Turn   | Place    | Note
-------+----------+-------------------------------------------
     0 | D:1      | olmar the Armataur Fighter began the quest for the Orb.
     0 | D:1      | Reached XP level 1. HP: 19/19 MP: 1/1
   166 | D:1      | Reached XP level 2. HP: 26/26 MP: 2/2
   613 | D:2      | Reached XP level 3. HP: 31/33 MP: 3/3
   773 | D:2      | Reached XP level 4. HP: 36/40 MP: 4/4
  1038 | D:3      | Identified the +1 leather armour of the Rose {rN++ Will+}
  1585 | D:3      | Found a runed translucent door.
  1586 | D:3      | Noticed Crazy Yiuf
  2068 | D:4      | Slain by an orc

Illustrated notes

Levels and vault maps discovered:
D:1:      dpeg_chamrin_arrival_tetris, layout_rooms, minivault_14
D:2:      layout_rooms
D:3:      minmay_skewed_foursquare, layout_loops_ring, grunt_decor_one_mirror,
          uniq_crazy_yiuf_cottage
D:4:      layout_cave_pools, nicolae_overflows_in_rows, serial_bayou_pond_e,
          nicolae_shop_clearance

Skill      XL: |  1  2  3  4 |
---------------+-------------+-----
Maces & Flails | 2 3 |  3.0
Armour         | 4 |  4.6
Fighting       | 3 |  3.4
Shields        | 4 |  4.0

Action                     |  1- 3 |  4- 6 || total
---------------------------+-------+-------++-------
  Melee: Flail             |   114 |    98 ||   212
         Tailslap          |    15 |     9 ||    24
 Armour: Scale mail        |    72 |    51 ||   123
  Dodge: Dodged            |    71 |    74 ||   145
  Block: Buckler           |    24 |    21 ||    45

Table legend: (Time is in decaauts)
 A = Elapsed time spent in this place.
 B = Non-inter-level travel time spent in this place.
 C = Inter-level travel time spent in this place.
 D = Time resting spent in this place.
 E = Time spent auto-exploring this place.
 F = Levels seen in this place.
 G = Mean time per level.
                   A        B        C        D        E       F      G
               +--------+--------+--------+--------+--------+-----+--------+
         Total |   2134 |   2008 |    126 |      0 |   1575 |   4 |  533.5 |
       Dungeon |   2134 |   2008 |    126 |      0 |   1575 |   4 |  533.5 |
               +--------+--------+--------+--------+--------+-----+--------+

Top non-repeatable levels by time:
     D:3: 1064 daAuts
     D:1: 610 daAuts
     D:2: 448 daAuts
     D:4: 10 daAuts
